 Dungeon Crawl Stone Soup version 0.30-a0-737-gf23d94013f (webtiles) character file.

Game seed: 16005649464143080152

1355 pascalblue the Cleaver (level 8, -6/71 HPs)
             Began as a Hill Orc Fighter on Feb 2, 2023.
             Was a Follower of Beogh.
             Mangled by a gnoll
             ... wielding a +0 halberd
             ... led by a gnoll bouda
              (9 damage)
             ... on level 6 of the Dungeon.
             The game lasted 00:12:16 (3537 turns).

pascalblue the Cleaver (Hill Orc Fighter)           Turns: 3537, Time: 00:12:17

Health: -6/71      AC: 13    Str: 24    XL:     8   Next: 63%
Magic:  8/8        EV: 10    Int: 14    God:    Beogh [*.....]
Gold:   291        SH:  0    Dex: 10    Spells: 7/7 levels left

rFire   + + .      SeeInvis .    m - +11 dagger "Fofukh" {drain, rF+ rC++ Str+3}
rCold   + + .      Faith    .    c - +0 buckler
rNeg    . . .      Spirit   .    x - +2 ring mail {rF+}
rPois   .          Reflect  .    (no helmet)
rElec   .          Harm     .    (no cloak)
rCorr   .          Rampage  .    B - +0 pair of gloves
Will    .....                    (no boots) Stlth
                                 (no amulet)
HPRegen 0.31/turn                t - +4 ring of protection
MPRegen 0.11/turn                A - +6 ring of intelligence

@: confused, mighty, weakened, studying Axes
A: no striking features
a: Renounce Religion


You were on level 6 of the Dungeon.
You worshipped Beogh.
Beogh was aware of your devotion.
You visited 1 branch of the dungeon, and saw 6 of its levels.

You collected 291 gold pieces.

Inventory:

Hand Weapons
 a - a +0 war axe
 m - the +11 dagger "Fofukh" (weapon) {drain, rF+ rC++ Str+3}
   (You found it on level 2 of the Dungeon)

   Str:       It affects your strength (+3).
   rF:        It protects you from fire.
   rC:        It greatly protects you from cold.
Missiles
 v - 14 poisoned darts (quivered)
Armour
 b - a +0 scale mail
 c - a +0 buckler (worn)
 x - a +2 ring mail of fire resistance (worn)
 B - a +0 pair of gloves (worn)
Jewellery
 t - a +4 ring of protection (left hand)
 A - a +6 ring of intelligence (right hand)
Wands
 E - a wand of flame (8)
Scrolls
 e - 4 scrolls of magic mapping {unknown}
 h - 4 scrolls of identify {unknown}
 j - 4 scrolls of teleportation {unknown}
 k - a scroll of blinking {unknown}
 l - 2 scrolls of butterflies {unknown}
 q - a scroll of fog {unknown}
 s - a scroll of fear {unknown}
 u - 3 scrolls of enchant weapon {unknown}
 w - 2 scrolls of enchant armour {unknown}
 y - a scroll of poison {unknown}
 C - a scroll of vulnerability {unknown}
Potions
 f - a potion of brilliance {unknown}
 g - 3 potions of lignification {unknown}
 i - 5 potions of curing {unknown}
 n - 3 potions of mutation {unknown}
 o - 2 potions of invisibility
 p - a potion of magic {unknown}
 r - a potion of resistance {unknown}
 z - a potion of flight {unknown}
 D - a potion of heal wounds {unknown}
 F - a potion of degeneration {unknown}


   Skills:
 + Level 6.4 Fighting
 * Level 5.1 Short Blades
 + Level 8.4 Axes
 + Level 5.7 Armour
 + Level 5.8 Shields


You had 7 spell levels left.
You didn't know any spells.
Your spell library contained the following spells:

 Spells                   Type           Power      Damage    Failure   Level
 Apportation              Tloc           0%         N/A       50%         1
 Kiss of Death            Conj/Necr      0%         2d5       50%         1
 Necrotise                Necr           0%         1d4       50%         1
 Summon Small Mammal      Summ           0%         N/A       50%         1
 Call Canine Familiar     Summ           0%         N/A       86%         3
 Confusing Touch          Hex            0%         N/A       86%         3
 Summon Guardian Golem    Hex/Summ       0%         N/A       86%         3
 Dispel Undead            Necr           0%         3d6       99%         4


Dungeon Overview and Level Annotations

Branches:
Dungeon (6/15)             Temple (0/1) D:5

Altars:
Cheibriados
Elyvilon

Shops:
D:2 :   D:5 ?


Message History

The gnoll hits you from afar with a +0 halberd.
* * * LOW HITPOINT WARNING * * *
Your Short Blades skill increases to level 5!
You are too confused!
Okay, then.
You bump into the rock wall.
The orc wizard barely misses you.
The gnoll hits you from afar with a +0 halberd.
* * * LOW HITPOINT WARNING * * *
The orc closely misses you.
You bump into the rock wall.
Your attacks no longer feel as feeble.
The orc barely misses you.
The orc wizard points at you and mumbles some strange words.
You resist with some effort.
The gnoll hits you from afar with a +0 halberd.
* * * LOW HITPOINT WARNING * * *
You bump into the rock wall.
The orc wizard hits you with a +0 dagger.
* * * LOW HITPOINT WARNING * * *
The gnoll closely misses you. The orc hits you with a +3 flail.
* * * LOW HITPOINT WARNING * * *
You bump into the rock wall.
The gnoll hits you but does no damage.
A gnoll comes into view. It is wielding a +0 spear.
The gnoll bouda gazes fiercely through you!
You feel your attacks grow feeble. The orc wizard barely misses you.
You barely miss the orc wizard. The gnoll hits you but does no damage.
The gnoll bouda barks out a call to the hunt!
The gnolls pick up the pace!
The orc wizard gestures at you while chanting.
The magic dart hits you.
* * * LOW HITPOINT WARNING * * *
The orc barely misses you.
You puncture the orc!
You kill the orc!
Beogh accepts your kill.
You bump into the rock wall.
The orc wizard hits you but does no damage.
The gnoll hits you from afar with a +0 halberd!
You die...

###...#..###...#
#..........#...#
#...<......#...#
#....[........##
#.............#
#.............#
##.##..##..#.##
.####.##.##...#.#
......g#@##..##.#
#goo##..#...
#.g.##..# ..
g....g#.....#
.........#..#
#....####.# ##
#.... .# #... ..
.... #..


You could see a gnoll bouda, an orc priest, an orc wizard and 2 gnolls.

Vanquished Creatures
  Pikel (D:5)
  A centaur (D:6)
  An ogre (D:5)
  A bullfrog (D:4)
  A scorpion (D:5)
  A howler monkey (D:6)
  A jelly (D:4)
  3 hounds
  An orc priest (D:5)
  Ijyb (D:3)
  Terence (D:3)
  6 iguanas
  2 orc wizards
  7 adders
  A shadow imp (D:6)
  An ufetubus (D:5)
  A worm (D:3)
  3 dart slugs
  11 orcs
  5 ball pythons
  4 endoplasms
  2 giant cockroaches
  12 goblins
  7 hobgoblins
  2 quokkas
  3 bats
  4 frilled lizards
  2 kobolds (D:1)
  A rat (D:3)
87 creatures vanquished.

Vanquished Creatures (others)
  An orc warrior (D:6)
  A quokka (D:3)
  A rat (D:3)
3 creatures vanquished.

Grand Total: 90 creatures vanquished

Notes
Turn   | Place    | Note
-------+----------+-------------------------------------------
     0 | D:1      | pascalblue the Hill Orc Fighter began the quest for the
                  | Orb.
     0 | D:1      | Reached XP level 1. HP: 19/19 MP: 1/1
    51 | D:1      | Reached skill level 3 in Axes
    51 | D:1      | Reached XP level 2. HP: 27/27 MP: 2/2
   611 | D:2      | Identified the +11 dagger "Fofukh" {drain, rF+ rC++ Str+3}
   703 | D:2      | Reached XP level 3. HP: 33/33 MP: 3/3
   927 | D:2      | Found Ykulipa's Book Shop.
  1093 | D:3      | Noticed Terence
  1098 | D:3      | Killed Terence
  1099 | D:3      | Reached skill level 4 in Axes
  1099 | D:3      | Reached XP level 4. HP: 35/40 MP: 4/4
  1202 | D:3      | Reached skill level 1 in Short Blades
  1212 | D:3      | Noticed Ijyb
  1231 | D:3      | Killed Ijyb
  1232 | D:3      | Reached XP level 5. HP: 47/47 MP: 5/5
  1314 | D:3      | Became a worshipper of Beogh the Brigand
  1739 | D:4      | Reached skill level 5 in Axes
  1873 | D:4      | Reached XP level 6. HP: 55/55 MP: 6/6
  1971 | D:4      | Reached skill level 5 in Fighting
  2056 | D:4      | Reached skill level 6 in Axes
  2111 | D:4      | Reached * piety under Beogh
  2200 | D:4      | Found a snail-covered altar of Cheibriados.
  2200 | D:4      | Found a white marble altar of Elyvilon.
  2499 | D:5      | Entered Level 5 of the Dungeon
  2549 | D:5      | Noticed Pikel
  2569 | D:5      | Killed Pikel
  2570 | D:5      | Reached skill level 7 in Axes
  2570 | D:5      | Reached skill level 5 in Armour
  2570 | D:5      | Reached skill level 5 in Shields
  2570 | D:5      | Reached XP level 7. HP: 46/62 MP: 7/7
  2570 | D:5      | Reached XP level 8. HP: 52/70 MP: 8/8
  2895 | D:5      | Found Loidor's Magic Scroll Boutique.
  3137 | D:5      | Reached skill level 8 in Axes
  3196 | D:5      | Found a staircase to the Ecumenical Temple.
  3531 | D:6      | Reached skill level 5 in Short Blades
  3535 | D:6      | HP: 2/71 [orc wizard/magic dart (6)]
  3537 | D:6      | Mangled by a gnoll

Illustrated notes

Levels and vault maps discovered:
D:1:      evilmike_arrival_crescent, layout_basic, st_stairs_3
D:2:      layout_rooms, serial_shops, shop, due_unseen_surprise
D:3:      layout_basic, patterned_corridor, uniq_ijyb, uniq_terence
D:4:      minmay_chambers_of_fours, layout_basic,
          gammafunk_temple_overflow_statue, glass_columns_a
D:5:      layout_loops_ring, minmay_temple_entry_poolview, serial_shops,
          nicolae_stop_n_shop_2, kennysheep_nub, kennysheep_pointless_box,
          uniq_pikel
D:6:      layout_rooms, serial_shops, shop, dk_rats_in_the_wall

Skill      XL: |  1  2  3  4  5  6  7  8 |
---------------+-------------------------+-----
Axes           | 3 4 5 7 8 |  8.4
Fighting       | 4 5 6 |  6.4
Short Blades   | 1 4 5 |  5.1
Armour         | 4 5 |  5.7
Shields        | 4 5 |  5.8

Action                     |  1- 3 |  4- 6 |  7- 9 || total
---------------------------+-------+-------+-------++-------
  Melee: War axe           |    31 |       |       ||    31
         Dagger            |    18 |    88 |    62 ||   168
 Invoke: Convert to Beogh  |       |     1 |       ||     1
    Use: Potion            |       |       |     1 ||     1
 Armour: Scale mail        |    20 |     7 |       ||    27
         Ring mail         |       |    34 |    33 ||    67
  Dodge: Dodged            |    21 |    35 |    27 ||    83
  Block: Buckler           |    11 |    21 |    16 ||    48

Table legend: (Time is in decaauts)
 A = Elapsed time spent in this place.
 B = Non-inter-level travel time spent in this place.
 C = Inter-level travel time spent in this place.
 D = Time resting spent in this place.
 E = Time spent auto-exploring this place.
 F = Levels seen in this place.
 G = Mean time per level.
                   A        B        C        D        E       F      G
               +--------+--------+--------+--------+--------+-----+--------+
         Total |   3531 |   3413 |    118 |      0 |   2463 |   6 |  588.5 |
       Dungeon |   3531 |   3413 |    118 |      0 |   2463 |   6 |  588.5 |
               +--------+--------+--------+--------+--------+-----+--------+

Top non-repeatable levels by time:
     D:5: 954 daAuts
     D:4: 773 daAuts
     D:3: 647 daAuts
     D:1: 585 daAuts
     D:2: 502 daAuts
     D:6: 68 daAuts
